Map: Romanticide LE

Players

MaxPax - Winner!

  • Race: Protoss Protoss

Strange

  • Race: Protoss Protoss

Event: DreamHack SC2 Masters 2021 Fall

VOD

Have the link to the VOD?

Description

Time

  • Played on: July 31, 2021, 1:31 p.m.
  • Length: 9:27

All games in this series

Show
View Real Time Build Order
Export as new Build Order

MaxPax Protoss - Winner!

Build Orders: 1 Gate Expand 

Get SALT Encoding   

  12  0:00  Probe  
  13  0:12  Probe  
  14  0:19  Pylon  
  14  0:24  Probe  
  15  0:37  Probe (Chrono Boost)  
  15  0:39  Gateway  
  16  0:48  Assimilator, Probe (Chrono Boost)  
  17  0:53  Probe (Chrono Boost)  
  18  1:04  Probe  
  19  1:16  Probe  
  20  1:24  Nexus  
  20  1:31  Cybernetics Core  
  20  1:39  Zealot  
  22  1:46  Pylon  
  22  1:49  Probe  
  23  1:56  Assimilator  
  23  2:04  Probe  
  23  2:05  Stalker (Chrono Boost)  
  26  2:13  Warp Gate  
  26  2:16  Probe  
  27  2:25  Stalker (Chrono Boost)  
  29  2:30  Probe  
  30  2:39  Shield Battery  
  30  2:43  Robotics Facility  
  30  2:53  Stalker  
  30  2:56  Probe  
  30  2:57  Probe  
  34  3:08  Probe  
  35  3:14  Shield Battery  
  35  3:24  Stalker  
  37  3:27  Immortal (Chrono Boost)  
  41  3:37  Pylon  
  41  3:45  Gateway  
  37  3:58  Immortal (Chrono Boost)  
  39  4:04  Sentry  
  39  4:07  Shield Battery  
  39  4:18  Shield Battery  
  39  4:21  Pylon  
  39  4:30  Warp Prism  
  38  4:34  Sentry  
  40  4:42  Shield Battery  
  40  4:50  Stalker  
  42  5:07  Immortal (Chrono Boost)  
  42  5:15  Zealot  
  42  5:22  Pylon  
  40  5:36  Immortal (Chrono Boost)  
  40  5:39  Pylon  
  40  5:42  Pylon  
  44  5:54  Zealot  
  44  5:56  Probe  
  46  5:58  Probe  
  46  6:00  Pylon  
  44  6:09  Probe  
  44  6:10  Probe  
  46  6:16  Zealot  
  48  6:19  Zealot  
  50  6:28  Cybernetics Core  
  50  6:34  Probe x2  
  52  6:44  Pylon  
  52  6:58  Pylon  
  52  6:59  Immortal (Chrono Boost)  
  54  7:19  Shield Battery  
  54  7:28  Adept x2  
  58  7:34  Immortal (Chrono Boost)  
  62  7:38  Gateway  
  62  7:41  Shield Battery  
  62  7:44  Probe  
  63  7:46  Probe  
  63  7:51  Stalker  
  66  7:55  Pylon  
  66  7:58  Probe  
  67  8:02  Probe  
  68  8:09  Shield Battery, Stargate  
  68  8:11  Observer  
  69  8:13  Probe  
  70  8:20  Stargate  
  70  8:22  Shield Battery  
  70  8:23  Probe  
  70  8:25  Probe  
  71  8:40  Adept, Probe  
  75  8:41  Adept  
  75  8:44  Shield Battery  
  75  8:47  Pylon  
  76  8:50  Probe  
  76  8:52  Probe  
  78  9:00  Pylon  
  78  9:01  Pylon  
  78  9:04  Pylon  
  76  9:16  Adept x2  
Show
View Real Time Build Order
Export as new Build Order

Strange Protoss 

Build Orders:  

Get SALT Encoding   

  12  0:00  Probe  
  13  0:12  Probe  
  14  0:17  Pylon  
  14  0:24  Probe (Chrono Boost)  
  16  0:37  Probe (Chrono Boost)  
  16  0:38  Gateway  
  16  0:42  Probe (Chrono Boost)  
  16  0:45  Assimilator  
  17  0:52  Probe  
  17  0:54  Assimilator  
  18  1:04  Probe (Chrono Boost)  
  19  1:09  Gateway  
  19  1:13  Probe (Chrono Boost)  
  19  1:18  Probe (Chrono Boost)  
  20  1:25  Cybernetics Core  
  21  1:30  Probe  
  22  1:36  Pylon  
  22  1:42  Probe  
  23  1:54  Gateway  
  23  2:02  Stalker x2  
  23  2:04  Warp Gate (Chrono Boost)  
  27  2:15  Pylon  
  27  2:18  Pylon  
  27  2:32  Stalker  
  27  2:34  Stalker  
  33  2:45  Stalker  
  33  2:48  Pylon  
  33  2:56  Pylon  
  33  3:05  Pylon  
  33  3:12  Gateway  
  33  3:38  Stalker x3  
  39  3:44  Pylon  
  37  4:03  Stalker x2  
  37  4:09  Sentry  
  43  4:10  Stalker  
  43  4:31  Stalker x2  
  45  4:37  Adept x2  
  47  5:00  Stalker x2  
  47  5:03  Stalker  
  47  5:09  Stalker  
  37  5:28  Stalker x2  
  37  5:39  Adept x2  
  39  6:07  Adept x4  
  43  6:27  Sentry  
  43  6:28  Stalker x2  
  43  6:31  Stalker  
  49  6:51  Stalker x2  
  53  6:57  Stalker  
  51  7:22  Adept x2  
  55  7:26  Pylon  
  53  7:41  Stalker  
  55  7:46  Stalker x2  
  55  7:47  Stalker  
  61  8:09  Robotics Facility  
  61  8:15  Adept  
  61  8:16  Pylon  
  63  8:35  Shield Battery  
  63  8:42  Zealot  
  63  8:46  Sentry, Stalker  
  69  8:57  Pylon  
  69  9:01  Robotics Bay  
  63  9:10  Zealot  

Tags
 
Add a new tag
Caveats
  • Supply blocks, unpowered buildings, or Contaminate may cause inaccurate times.
  • Supply counts are checked every 10 seconds.